 Dungeon Crawl Stone Soup version 0.26.1-11-gd32895ea62 (webtiles) character file.

Game seed: 16711044510486410637

2120 Zeld the Cruncher (level 9, -8/54 HPs)
             Began as an Octopode Gladiator on May 22, 2021.
             Was a Follower of Okawaru.
             Killed from afar by Duvessa (12 damage)
             ... with a puff of flame
             ... on level 7 of the Dungeon.
             The game lasted 00:07:59 (9902 turns).

Zeld the Cruncher (Octopode Gladiator)              Turns: 9902, Time: 00:07:59

Health: -8/54      AC:  1    Str: 16    XL:     9   Next: 29%
Magic:  9/9        EV: 14    Int: 11    God:    Okawaru [*.....]
Gold:   346        SH:  0    Dex: 13    Spells: 8/8 levels left

rFire    . . .     SeeInvis .   a - +0 quarterstaff
rCold    . . .     Faith    .   (shield currently unavailable)
rNeg     . . .     Spirit   .   b - +0 hat
rPois    .         Reflect  .   (no amulet)
rElec    .         Harm     .   (no ring)
rCorr    .         Rampage  .   (no ring)
Will     .....                  (no ring)
Stlth    +.........             (no ring)
HPRegen  0.18/turn              (no ring)
MPRegen  0.11/turn              (no ring)
                                (no ring)
                                (no ring)

@: glowing
A: almost no armour, stealthy swim, amphibious, 8 rings, constrict 8, camouflage
1, gelatinous body 1
a: Renounce Religion, Heroism


You were on level 7 of the Dungeon.
You worshipped Okawaru.
Okawaru was aware of your devotion.
You visited 2 branches of the dungeon, and saw 8 of its levels.

You collected 346 gold pieces.

Inventory:

Hand Weapons
 a - a +0 quarterstaff (weapon)
Missiles
 c - 4 throwing nets
 m - 22 poisoned darts (quivered)
 n - 14 boomerangs
Armour
 b - a +0 hat (worn)
Jewellery
 e - a cursed -4 ring of intelligence {unknown}
 p - an uncursed amulet of guardian spirit {unknown}
 z - a +4 ring of protection {unknown}
Wands
 w - a wand of random effects (23)
Scrolls
 d - 4 scrolls of enchant weapon {unknown}
 f - a scroll of magic mapping {unknown}
 g - 2 scrolls of enchant armour {unknown}
 j - 3 scrolls of fear {unknown}
 k - 6 scrolls of identify {unknown}
 o - 3 scrolls of fog {unknown}
 q - 3 scrolls of teleportation {unknown}
 s - 2 scrolls of amnesia {unknown}
 t - 2 scrolls of random uselessness {unknown}
 v - 3 scrolls of remove curse {unknown}
 y - a scroll of immolation {unknown}
Potions
 h - a potion of curing
 i - 4 potions of degeneration {unknown}
 l - 3 potions of might {unknown}
 r - 3 potions of invisibility {unknown}
 u - 3 potions of brilliance {unknown}
 x - a potion of haste {unknown}


   Skills:
 - Level 2.0 Fighting
 * Level 12.1 Staves
 - Level 2.0 Throwing
 - Level 3.0 Dodging


You had 8 spell levels left.
You didn't know any spells.
Your spell library contained the following spells:

 Spells                   Type           Power        Failure   Level
 Animate Skeleton         Necr           0%           34%         1
 Apportation              Tloc           0%           34%         1
 Corona                   Hex            0%           34%         1
 Summon Small Mammal      Summ           0%           34%         1


Dungeon Overview and Level Annotations

Branches:
Dungeon (7/15)             Temple (1/1) D:4

Altars:
Cheibriados
Dithmenos
Elyvilon
Fedhas
Gozag
Hepliaklqana
Kikubaaqudgha
Makhleb
Nemelex Xobeh
Okawaru
Qazlal
Ru
Sif Muna
Uskayaw
Vehumet
Xom
Yredelemnul
Zin
The Shining One

Annotations:
D:7 3 runed translucent doors, Dowan; Duvessa; Zeld's ghost, novice OpBr


Innate Abilities, Weirdness & Mutations

You cannot wear most types of armour.
You are very stealthy in the water. (Stealth+)
You are amphibious.
You can wear up to eight rings at the same time.
You can use your tentacles to constrict eight enemies at once.
Your skin changes colour to match your surroundings (Stealth+).
Your rubbery body absorbs attacks. (AC +1, EV +1)


Message History

Duvessa, Sister of Dowan comes into view.
She is wielding a +2 short sword of venom and carrying a wand of flame (20).
Dowan shouts!
Found an amethyst potion.
Dowan casts a spell at you. The puff of flame misses you.
Duvessa shouts!
Duvessa zaps a wand.
The puff of flame misses you.
You open the door. The ice beast hits you.
* * * LOW HITPOINT WARNING * * *
The ice beast freezes you!
* * * LOW HITPOINT WARNING * * *
Duvessa gestures with her weapon.
Dowan gestures at you while chanting.
You are outlined in light.
There is an open door here.
The ice beast closely misses you.
Dowan casts a spell at Duvessa.
Duvessa seems to speed up.
Duvessa zaps a wand.
The puff of flame hits you!
You die...

#......#........#...........##..
#......#........#............#..
#......##..##..##.....##....##..
#.....##'###..##.....##....##..
###..........#.........+.....##..
.##.....##...+†........#.....####
.##.....##..##..#########........
.##.....##).##..##.....##'#####..
.............#..@.Y...>##....##(.
...##+####..<#...............#...
.#.......#..##.........e.....##..
.#.......#..##........e......##..
##.......#...#..#########....'...
#.......#...#..##.....##....##..
#......>#.†.#.........##....##..
#.).....#...#...................
#.......#...#...................


You could see Duvessa (fast), an ice beast and Dowan.

Vanquished Creatures
  Edmund (D:6)
  2 ice beasts
  2 sky beasts (D:5)
  An orc warrior (D:6)
  2 phantoms
  An ogre (D:7)
  A centaur (D:6)
  2 bullfrogs
  5 wights (D:3)
  A howler monkey (D:6)
  A centaur zombie (D:5)
  A bullfrog zombie (D:7)
  3 orc wizards
  2 hounds
  2 jellies (D:6)
  2 orc priests (D:6)
  A bullfrog skeleton (D:7)
  An iron imp (D:6)
  Ijyb (D:5)
  Terence (D:2)
  An iguana (D:4)
  3 worker ants
  A hound zombie (D:5)
  9 gnolls
  8 adders
  A shadow imp (D:5)
  An ufetubus (D:5)
  An ooze (D:1)
  An adder zombie (D:7)
  2 adder skeletons (D:5)
  3 worms
  4 dart slugs
  3 leopard geckos
  4 orcs
  9 bats
  6 giant cockroaches
  5 hobgoblins
  3 jackals (D:7)
  9 kobolds
  3 quokkas
  2 ball pythons
  2 frilled lizards (D:2)
  6 goblins
  2 goblin skeletons (D:6)
  7 hobgoblin zombies (D:6)
  A kobold skeleton (D:6)
  An orc skeleton (D:6)
  A quokka skeleton (D:5)
  4 rats
136 creatures vanquished.

Notes
Turn   | Place    | Note
-------+----------+-------------------------------------------
     0 | D:1      | Zeld the Octopode Gladiator began the quest for the Orb.
     0 | D:1      | Reached XP level 1. HP: 14/14 MP: 1/1
   370 | D:1      | Reached XP level 2. HP: 19/19 MP: 2/2
   735 | D:1      | Reached skill level 4 in Staves
   983 | D:2      | Reached XP level 3. HP: 20/24 MP: 3/3
  1114 | D:2      | Noticed Terence
  1121 | D:2      | Killed Terence
  1122 | D:2      | Reached XP level 4. HP: 11/29 MP: 4/4
  1405 | D:2      | Reached skill level 5 in Staves
  1771 | D:3      | Reached XP level 5. HP: 30/34 MP: 5/5
  2016 | D:3      | Found a shimmering blue altar of Sif Muna.
  2070 | D:3      | Found a blossoming altar of Fedhas.
  2133 | D:3      | Reached skill level 6 in Staves
  2610 | D:3      | Reached XP level 6. HP: 12/38 MP: 6/6
  2614 | D:3      | Reached skill level 7 in Staves
  3193 | D:4      | Found a staircase to the Ecumenical Temple.
  3193 | D:4      | Noticed a phantom
  3203 | Temple   | Entered the Ecumenical Temple
  3249 | Temple   | Became a worshipper of Warmaster Okawaru
  3361 | D:2      | Reached XP level 7. HP: 11/45 MP: 7/7
  5238 | D:3      | Reached skill level 8 in Staves
  5379 | D:3      | Found a blossoming altar of Fedhas.
  5455 | D:3      | Found a shimmering blue altar of Sif Muna.
  5604 | D:5      | Entered Level 5 of the Dungeon
  5958 | D:5      | Reached skill level 9 in Staves
  6110 | D:5      | Found a stormy altar of Qazlal.
  6113 | D:5      | Noticed a fire elemental
  6114 | D:5      | Noticed a water elemental
  6114 | D:5      | Noticed an air elemental
  6125 | D:5      | Found a sparkling altar of Nemelex Xobeh.
  6136 | D:5      | Reached XP level 8. HP: 38/50 MP: 8/8
  6472 | D:5      | Noticed Ijyb
  6487 | D:5      | Killed Ijyb
  6900 | D:6      | Reached skill level 10 in Staves
  7298 | D:6      | Found a glowing golden altar of the Shining One.
  7350 | D:6      | Found a radiant altar of Vehumet.
  7363 | D:6      | Reached * piety under Okawaru
  7859 | D:6      | Reached skill level 11 in Staves
  8625 | D:6      | Found a shadowy altar of Dithmenos.
  8731 | D:6      | Noticed Edmund
  8740 | D:6      | Killed Edmund
  8741 | D:6      | Reached XP level 9. HP: 33/54 MP: 9/9
  9561 | D:7      | Reached skill level 12 in Staves
  9685 | D:7      | Found a runed translucent gate.
  9688 | D:7      | Found a runed translucent gate.
  9688 | D:7      | Found a runed translucent gate.
  9689 | D:7      | Noticed Zeld's ghost (novice OpBr)
  9883 | D:7      | Noticed Dowan
  9884 | D:7      | Noticed Duvessa
  9888 | D:7      | HP: 1/54 [ice beast (12)]
  9902 | D:7      | Killed from afar by Duvessa

Illustrated notes

Levels and vault maps discovered:
D:1:      sevenhm_arrival_forest_fort_large_3, layout_basic
D:2:      layout_basic, uniq_terence
D:3:      layout_basic, overflow_temple_1_default, chequers_mini_garden,
          lemuel_blue_sif_altar
D:4:      layout_basic, temple_statues
D:5:      layout_loops_ring, nemelex_xobeh_ov_fountains_minmay,
          nicolae_qazlal_style_of_elements, uniq_ijyb
D:6:      layout_loops_ring, grunt_dithmenos_shadows,
          nicolae_tso_besieged_by_evil, vehumet_crystals, kennysheep_crisscross,
          roderic_lattice_a, uniq_edmund
D:7:      layout_gridville, ebering_ghost_rock_garden, serial_shops,
          shop_fountains, uniq_duvessa
Temple:   minmay_temple_bridge_abc

Skill      XL: |  1  2  3  4  5  6  7  8  9 |
---------------+----------------------------+-----
Staves         | 4 5 6 7 9 11 12 | 12.1
Fighting       | |  2.0
Throwing       | |  2.0
Dodging        | |  3.0

Action                   |  1- 3 |  4- 6 |  7- 9 || total
-------------------------+-------+-------+-------++-------
Melee: Quarterstaff      |    47 |    97 |   259 ||   403
       Constrict         |    11 |    23 |    41 ||    75
       Tentacles         |     7 |    17 |    55 ||    79
 Stab: Sleeping          |     3 |     9 |     9 ||    21
Armor: Skin              |     6 |     4 |    10 ||    20
Dodge: Dodged            |    39 |    61 |   122 ||   222
